 Dungeon Crawl Stone Soup version 0.17.0-28-g6e173f8 (webtiles) character file.

117 M4edhros the Charlatan (level 5, 0/33 HPs)
             Began as an Octopode Artificer on Nov 29, 2015.
             Succumbed to a scorpion's poison
             ... on level 4 of the Dungeon.
             The game lasted 00:03:05 (2484 turns).

M4edhros the Charlatan (Octopode Artificer)         Turns: 2484, Time: 00:03:06

Health: 0/33       AC:  1    Str:  7 (10) XL:     5   Next: 1%
Magic:  8/8        EV: 12    Int: 15      God:
Gold:   204        SH:  0    Dex: 13      Spells: 0 memorised, 4 levels left

rFire  . . .     SeeInvis .     t - +0 falchion "Pecat" {venom, rC+} (curse)
rCold  + . .     Clarity  .     (no shield)
rNeg   . . .     SustAt   .     (helmet restricted)
rPois  .         Gourm    .     (no amulet)
rElec  .         Spirit   .     (no ring)
rCorr  .         Warding  .     (no ring)
rMut   .         Stasis   .     (no ring)
MR     .....                    (no ring)
Stlth  ++++......               (no ring)
                                (no ring)
                                (no ring)
                                (no ring)

@: lethally poisoned (0 -> -7), hasted, very quick, not resistant to hostile
enchantments, stealthy
A: almost no armour, amphibious, 8 rings, constrict 8, camouflage 1, gelatinous
body 1
a: no special abilities


You were on level 4 of the Dungeon.
You were hungry.

You visited 1 branch of the dungeon, and saw 4 of its levels.

You collected 204 gold pieces.

Inventory:

Hand Weapons
 a - a +0 short sword
 s - a +0 flail of crushing
 t - the cursed +0 falchion "Pecat" (weapon) {venom, rC+}
   (You found it on level 4 of the Dungeon)

   It poisons the flesh of those it strikes.
   It protects you from cold.
   It has a curse placed upon it.
Missiles
 k - 7 sling bullets
 l - 107 stones (quivered)
Wands
 b - a wand of flame (11)
 c - a wand of enslavement (14)
 d - a wand of random effects (13)
Scrolls
 f - a scroll of enchant armour
 h - a scroll of remove curse {unknown}
 j - a scroll of identify {unknown}
 m - 4 scrolls of teleportation {unknown}
 n - a scroll of amnesia {unknown}
Potions
 o - a potion of berserk rage {unknown}
Comestibles
 e - 4 bread rations
 g - 2 meat rations
 r - a beef jerky


   Skills:
 - Level 1.0 Fighting
 - Level 1.0 Short Blades
 - Level 2.0 Dodging
 + Level 4.6 Stealth
 + Level 4.9 Evocations


You had 4 spell levels left.
You didn't know any spells.

Dungeon Overview and Level Annotations

Branches:
Dungeon (4/15)
 Temple: D:4-7

Altars:

Shops:
D:4 !

Annotations:
D:2 Sigmund
D:4 M4edhros's ghost, amateur OpAr


Innate Abilities, Weirdness & Mutations

You cannot wear most types of armour.
You are amphibious.
You can wear up to eight rings at the same time.
You can use your tentacles to constrict eight enemies at once.
Your skin changes colour to match your surroundings (Stealth).
Your rubbery body absorbs attacks (AC +1).


Message History

* * * LOW HITPOINT WARNING * * *
You feel sick. The giant gecko bites you.
* * * LOW HITPOINT WARNING * * *
The scorpion barely misses you. The giant gecko bites you.
* * * LOW HITPOINT WARNING * * *
The scorpion stings you.
* * * LOW HITPOINT WARNING * * *
Unknown command.
Drink which item? (? for menu, Esc to quit)
Okay, then.
There is an open gate here.
Drink which item? (? for menu, Esc to quit)
It was a potion of degeneration.
There was something very wrong with that liquid.
You feel weakened.
* * * LOW HITPOINT WARNING * * *
You feel sick. The giant gecko barely misses you.
Drink which item? (? for menu, Esc to quit)
It was a potion of haste.
You feel yourself speed up.
You die...

*****,* *,* *,* *,*
####* *,* ##...#* *
*,**##..?..#### *
*,,,#.......'.# *
*,,,#...∩...'.# *
**,,#.....sl@.#
#*****#.##.....##.#
.,,,* #.###...##..#
#**,* #.# ######.##
#,* #.# #..#
#.###.## ##.##
##......#####..#
#.....W.......##
#..###..#.#####


You could see a scorpion and a giant gecko.

Vanquished Creatures
  An iguana (D:4)
  2 adders
  An ooze (D:1)
  A worm (D:4)
  4 giant geckos
  7 orcs
  2 giant cockroaches
  7 hobgoblins
  4 jackals (D:1)
  8 kobolds
  2 bats
  2 giant newts
  6 goblins
  8 rats
55 creatures vanquished.

Vanquished Creatures (collateral kills)
  2 orcs (D:3)
2 creatures vanquished.

Vanquished Creatures (others)
  An adder (D:3)
1 creature vanquished.

Grand Total: 58 creatures vanquished

Notes
Turn   | Place    | Note
--------------------------------------------------------------
     0 | D:1      | M4edhros the Octopode Artificer began the quest for the Orb.
     0 | D:1      | Reached XP level 1. HP: 13/13 MP: 3/3
   109 | D:1      | Reached XP level 2. HP: 15/18 MP: 4/4
   343 | D:1      | Reached skill level 4 in Evocations
   488 | D:2      | Reached XP level 3. HP: 17/23 MP: 6/6
   946 | D:2      | Noticed Sigmund
  1291 | D:3      | Noticed a porcupine
  1291 | D:3      | an orc wizard changed into a porcupine
  1490 | D:3      | Reached XP level 4. HP: 18/28 MP: 7/7
  2203 | D:4      | Got a jewelled falchion
  2204 | D:4      | Identified the cursed +0 falchion "Pecat" {venom, rC+} (You found it on level 4 of the Dungeon)
  2217 | D:4      | Noticed M4edhros's ghost (amateur OpAr)
  2257 | D:4      | HP: 1/28 [iguana (9)]
  2267 | D:4      | Reached XP level 5. HP: 2/33 MP: 8/8
  2476 | D:4      | Found Pasoit's Distillery.
  2483 | D:4      | HP: 1/33 [poisoned by a scorpion]
  2484 | D:4      | Succumbed to a scorpion's poison

Action                   |  1- 3 |  4- 6 || total
-------------------------+-------+-------++-------
Melee: Short sword       |    72 |    29 ||   101
       Falchion          |       |     7 ||     7
Evoke: Wand              |     4 |     3 ||     7
  Use: Scroll            |       |     3 ||     3
       Potion            |       |     2 ||     2
 Stab: Sleeping          |     7 |     2 ||     9
  Eat: Chunk             |     1 |     3 ||     4
